 Dungeon Crawl Stone Soup version 0.18.1-48-g4cf74bf (webtiles) character file.

294 Mesmaeker13 the Caller (level 6, -1/41 HPs)
             Began as a Demonspawn Summoner on July 5, 2016.
             Was an Initiate of Okawaru.
             Slain by Crazy Yiuf
             ... wielding a +3 quarterstaff of chaos
              (5 damage)
             ... on level 4 of the Dungeon on July 6, 2016.
             The game lasted 00:13:10 (5733 turns).

Mesmaeker13 the Caller (Demonspawn Summoner)        Turns: 5733, Time: 00:13:11

Health: -1/41      AC:  4    Str: 15    XL:     6   Next: 11%
Magic:  5/9        EV: 13    Int: 16    God:    Okawaru [......]
Gold:   140        SH:  0    Dex: 14    Spells: 3 memorised, 3 levels left

rFire  . . .     SeeInvis .     p - +0 trident
rCold  . . .     Gourm    .     a - +0 robe
rNeg   . . .     Faith    .     (no shield)
rPois  .         Spirit   .     u - +0 helmet
rElec  .         Dismiss  .     (no cloak)
rCorr  .         Reflect  .     (no gloves)
SustAt .         Harm     .     (no boots)
MR     .....                    k - amulet of rage
Stlth  ++........               (no ring)
                                (no ring)

@: mighty, drained, not resistant to hostile enchantments, unstealthy
A: claws 1, icy blue scales 1, powered by pain 1, rot immunity
a: Renounce Religion, Evoke Berserk Rage


You were on level 4 of the Dungeon.
You worshipped Okawaru.
Okawaru was noncommittal.
You were not hungry.

You visited 1 branch of the dungeon, and saw 4 of its levels.

You collected 140 gold pieces.

Inventory:

Hand Weapons
 f - a +2 hand axe of flaming
 j - a +2 hand axe of electrocution
 p - a +0 trident (weapon)
Missiles
 z - a throwing net (quivered)
Armour
 a - a +0 robe (worn)
 t - a +0 leather armour
 u - a +0 helmet (worn)
Jewellery
 k - an amulet of rage (around neck)
Wands
 A - a wand of paralysis (1/24)
Scrolls
 e - a scroll of magic mapping
 m - a scroll of enchant weapon
 n - a scroll of remove curse {unknown}
 o - 4 scrolls of recharging {unknown}
 v - a scroll of teleportation {unknown}
 y - a scroll of fog
Potions
 g - a potion of lignification
 i - a potion of agility
 l - 2 potions of berserk rage {unknown}
 q - a potion of flight {unknown}
 r - a potion of magic {unknown}
 x - a potion of haste {unknown}
 C - a potion of might {unknown}
Books
 b - a book of Callings

   Spells                             Type                      Level
   a - Summon Small Mammal            Summoning                    1
   b - Call Imp                       Summoning                    2
   c - Call Canine Familiar           Summoning                    3
   d - Summon Guardian Golem          Hexes/Summoning              3
   e - Summon Lightning Spire         Summoning/Air                4
   f - Summon Ice Beast               Ice/Summoning                4
Comestibles
 c - a bread ration
 d - a beef jerky
 h - 3 fruits
 s - a royal jelly
 w - a slice of pizza
 B - a chunk of flesh


   Skills:
 + Level 2.4(2.2) Polearms
 + Level 3.7(3.4) Dodging
 - Level 1.7(1.5) Stealth
 - Level 2.0(1.7) Spellcasting
 + Level 5.6(5.3) Summonings


You had 3 spell levels left.
You knew the following spells:

 Your Spells              Type           Power        Failure   Level  Hunger
a - Summon Small Mammal   Summ           ###.         2%          1    ##.....
b - Call Imp              Summ           ###.....     4%          2    ###....
c - Call Canine Familiar  Summ           ###.....     10%         3    ####...


Dungeon Overview and Level Annotations

Branches:
Dungeon (4/15)
 Temple: D:4-7

Altars:
Cheibriados
Okawaru
Pakellas
Zin
The Shining One

Annotations:
D:4 Crazy Yiuf


Innate Abilities, Weirdness & Mutations

You have sharp fingernails.
You are partially covered in icy blue scales (AC +1).
You sometimes gain a little power by taking damage.
You are immune to rotting.


Message History

You feel your power leaking away.
The adder bites your iron imp but does no damage.
Your crimson imp hits Crazy Yiuf.
What do you say? t - Shout!
Orders for allies: a - Attack new target. p - Attack previous target. r - Retreat! s - Stop attacking. w - Wait here. f - Follow me.
Anything else - Stay silent.
Gang up on whom?
Press: ? - help, Dir - move target cursor, f/p - Crazy Yiuf
Aim: Crazy Yiuf, wielding a quarterstaff of chaos and wearing a glowing cloak (severely wounded) Attack!
Your iron imp hits the adder.
The adder bites your iron imp but does no damage.
Crazy Yiuf hits you with a quarterstaff of chaos!
* * * LOW HITPOINT WARNING * * *
You focus on the pain.
You feel very mighty all of a sudden. Crazy Yiuf freezes you.
You die...

......###...# #.###
........5..## # # ####.#
# .[#######...## ##..#
#....# # ).#### ##...#
#.#. .# #.#### # .....#
#.5#.#.... .# #.# #
.###.## #..# .#.#. .#
#.# # .##...##
#..####5#. .# #.# #
.#..#..# #..5S.g.#. .#
#.# # ...###.#
#.#####@#.#.# #.# #
.#..#..# #.#####ยง....#
#.# # ......##
#........#..# ##.## #
####.##
#######....#####...#####
###...##
#..<..................
.#..#..#
#.###.#.###.##...#####
...###.# #.# #.#.#
#.###.## .#..#..# #.#
#...# #.# #.# .......#
#.# #..## #.# #.######


You could see Crazy Yiuf, an adder, a friendly iron imp and a friendly crimson
imp.

Vanquished Creatures
  2 worker ants (D:4)
  5 adders
  6 gnolls
  2 dart slugs (D:1)
  3 giant geckos
  An orc (D:3)
  5 bats
  6 giant cockroaches
  8 goblins
  5 hobgoblins
  3 jackals (D:2)
  A quokka (D:1)
  A ball python (D:1)
  4 giant newts
  8 kobolds
  3 rats
63 creatures vanquished.

Vanquished Creatures (collateral kills)
  An ogre (D:4)
  A gnoll shaman (D:4)
  2 adders (D:3)
  4 gnolls
  A giant gecko (D:1)
  An orc (D:3)
  A bat (D:1)
  A giant newt (D:4)
  A kobold (D:1)
13 creatures vanquished.

Vanquished Creatures (others)
  A giant cockroach (D:1)
1 creature vanquished.

Grand Total: 77 creatures vanquished

Notes
Turn   | Place    | Note
--------------------------------------------------------------
     0 | D:1      | Mesmaeker13 the Demonspawn Summoner began the quest for the Orb.
     0 | D:1      | Reached XP level 1. HP: 13/13 MP: 3/3
   409 | D:1      | Gained mutation: You are partially covered in icy blue scales (AC +1). [demonic ancestry]
   409 | D:1      | Reached XP level 2. HP: 6/19 MP: 5/5
  1045 | D:1      | Gained mutation: You have sharp fingernails. [demonic ancestry]
  1045 | D:1      | Reached XP level 3. HP: 23/24 MP: 6/6
  2514 | D:2      | Gained mutation: You are immune to rotting. [demonic ancestry]
  2514 | D:2      | Reached XP level 4. HP: 30/30 MP: 7/7
  2634 | D:3      | Learned a level 2 spell: Call Imp
  3202 | D:3      | Reached skill level 1 in Polearms
  3395 | D:3      | Found a glowing golden altar of the Shining One.
  3624 | D:3      | Reached skill level 5 in Summonings
  4058 | D:3      | Found an oddly glowing altar of Pakellas.
  4207 | D:3      | Found a snail-covered altar of Cheibriados.
  4208 | D:3      | Found a glowing silver altar of Zin.
  4429 | D:4      | Gained mutation: You sometimes gain a little power by taking damage. [demonic ancestry]
  4429 | D:4      | Reached XP level 5. HP: 22/35 MP: 3/8
  4860 | D:4      | Found an iron altar of Okawaru.
  4884 | D:4      | Became a worshipper of Warmaster Okawaru
  5256 | D:4      | Noticed an ogre
  5264 | D:4      | Killed an ogre
  5482 | D:4      | Reached XP level 6. HP: 24/41 MP: 9/9
  5623 | D:4      | Learned a level 3 spell: Call Canine Familiar
  5675 | D:4      | Noticed Crazy Yiuf
  5733 | D:4      | Slain by Crazy Yiuf

Skill      XL: |  1  2  3  4  5 |
---------------+----------------+-----
Dodging        | 2 3 |  3.7
Polearms       | 1 2 |  2.4
Summonings     | 5 |  5.6
Stealth        | |  1.7
Spellcasting   | |  2.0

Action                   |  1- 3 |  4- 6 || total
-------------------------+-------+-------++-------
Melee: Hand axe          |    64 |       ||    64
       Trident           |    36 |   136 ||   172
 Cast: Summon Small Mamm |     8 |    36 ||    44
       Call Imp          |       |    16 ||    16
       Call Canine Famil |       |     2 ||     2
Evoke: Wand              |       |     4 ||     4
  Use: Scroll            |       |     5 ||     5
 Stab: Sleeping          |     4 |     3 ||     7
       Distracted        |     1 |     1 ||     2
       Paralysed         |       |     6 ||     6
  Eat: Chunk             |     1 |     3 ||     4
       Bread ration      |     1 |     2 ||     3
Armor: Robe              |    34 |    13 ||    47
Dodge: Dodged            |    75 |    73 ||   148
